[Event "Friendship Match AZE-TUR Day 2"]
[Site "Mustafa Kemal Atatürk"]
[Date "2020.08.09"]
[Round "1"]
[White "RuznaMamuna"]
[Black "GGuseinov"]
[Result "1/2-1/2"]
[WhiteElo "1614"]
[BlackElo "1620"]
[Annotator "NA"]
[PlyCount "117"]
[EventDate "2020.08.09"]
[EventType "team-tourn (rapid)"]
[TimeControl "900+5"]

1. e4 c5 2. Nf3 g6 3. d4 cxd4 4. Nxd4 Nc6 5. c4 Nf6 6. Nc3 Nxd4 7. Qxd4 d6 8. Be2 Bg7 9. Be3 O-O 10. Qd2 a5 11. f3 a4 12. Kf2 Be6 13. Rac1 Nd7 14. Rhd1 Qa5 15. Nd5 Rfe8 16. Qxa5 Rxa5 17. Rc2 Kf8 18. Bd4 Bxd4+ 19. Rxd4 Rc8 20. Ne3 Ne5 21. Rd1 Rac5 22. Rdc1 Nc6 23. a3 Nd4 24. Rc3 Nb3 25. Rd1 R8c6 26. g4 Na5 27. Rdc1 Rb6 28. R1c2 g5 29. Kg3 Nb3 30. Bd1 Na5 31. Rd2 Bd7 32. h4 h6 33. hxg5 hxg5 34. Rh2 Kg7 35. Nd5 Ra6 36. Nxe7 Rxc4 37. Rxc4 Nxc4 38. Be2 b5 39. Bxc4 bxc4 40. Nd5 Be6 41. Nc3 Kf6 42. Kf2 Ke5 43. Ke3 Ra8 44. Rh5 Kf6 45. Rh6+ Kg7 46. Rh2 Kf6 47. Kd4 Ra6 48. Rh6+ Kg7 49. Rh2 Kf6 50. Re2 Ra5 51. Na2 Ra8 52. Rh2 Kg7 53. Nc3 Ra5 54. Rd2 Kf6 55. Ke3 Ke5 56. Rh2 Ra8 57. Rh5 Kf6 58. Rh6+ Ke5 59. Rh5 {[%emt 0:00:11] (Lag: Av=1.06s, max=1.9s)} 1/2-1/2